cohdb
Replays
Latest Replays
All Replays
Popular Replays
Top Player Replays
Match Explorer
How It Works
Community
CoH3 Stats
Reddit
Sign in to upload your games and track your stats! →
Sign in with Steam
Match 46094336
Unlisted
Match 46094336
Overview
Messages
Build Orders
End
Construct Section Command Post
Selects Canadian Shock Battlegroup
Royal Engineer Section
Dingo Light Scout Car
Infantry Section
Selects Attacking Spirit
Selects Canadian Shock Section
Canadian Shock Section
Construct Platoon Command Post
Humber Armored Car
Canadian Shock Section
Selects Incendiary Munitions
Selects Pyrotechnics
6-pounder Anti-tank Gun Team
Vickers Machine Gun Team
Construct Company Command Post
Matilda II Heavy Tank
Selects Churchill Crocodile Heavy Tank
Churchill Crocodile Heavy Tank
LITTLE TRICKSTER
GAF_Thom_Yorke
Da Cracka Whacka
jway22
ohuyaa
sos6284
pushman
Pagliarini
0
0
Comments
sign in to comment!
No comments posted yet!